 Dungeon Crawl Stone Soup version 0.30-a0-857-gcaf70739d4 (webtiles) character file.

Game seed: 16574580202393919487

9 ragingrage the Sneak (level 2, -8/24 HPs)
             Began as a Demonspawn Delver on Mar 6, 2023.
             Shot with an arrow by a centaur (9 damage)
             ... on level 7 of the Dungeon.
             The game lasted 00:00:35 (80 turns).

ragingrage the Sneak (Demonspawn Delver)              Turns: 80, Time: 00:00:35

Health: -8/24      AC:  3    Str: 12    XL:     2   Next: 6%
Magic:  2/2        EV: 11    Int: 11    God:
Gold:   0          SH:  0    Dex: 14    Spells: 1/1 levels left

rFire   . . .      SeeInvis .    a - +0 falchion
rCold   . . .      Faith    .    (no shield)
rNeg    . . .      Spirit   .    b - +0 leather armour
rPois   .          Reflect  .    (helmet restricted)
rElec   .          Rampage  .    (no cloak)
rCorr   .                        (no gloves)
Will    .....                    (no boots)
Stlth   ++                       (no amulet)
HPRegen 0.24/turn                (no ring)
MPRegen 0.08/turn                (no ring)

@: no status effects
A: horns 1
a: no special abilities


You were on level 7 of the Dungeon.
You visited 1 branch of the dungeon, and saw 3 of its levels.

Inventory:

Hand Weapons
 a - a +0 falchion (weapon)
Armour
 b - a +0 leather armour (worn)
 e - a +0 ring mail
Jewellery
 h - a ring of protection from fire
Wands
 g - a wand of digging (2)
Scrolls
 c - a scroll of fog
Potions
 d - a potion of curing {unknown}
 f - a potion of haste


   Skills:
 - Level 3.0 Fighting
 + Level 2.5 Long Blades
 - Level 1.7 Dodging
 - Level 4.5 Stealth


You had one spell level left.
You didn't know any spells.
Your spell library was empty.

Dungeon Overview and Level Annotations

Branches:
Dungeon (7/15)
 Temple: D:4-7

Altars:

Shops:
D:5 ?


Innate Abilities, Weirdness & Mutations

You have a pair of small horns on your head.


Message History

There is an open door here.
Found an escape hatch in the floor.
You open the door.
There is an open door here.
The gnoll attacks as you move away! The gnoll hits you with a +0 club.
You barely miss the gnoll. The gnoll misses you.
You hit the gnoll. The gnoll barely misses you.
You barely miss the gnoll. The gnoll hits you with a +0 club.
You hit the gnoll. The gnoll closely misses you.
You hit the gnoll.
You kill the gnoll!
The sky beast barely misses you.
Your Long Blades skill increases to level 2!
You have reached level 2!
You feel monstrous as your demonic heritage exerts itself.
Your demonic ancestry asserts itself...
A pair of horns grows on your head!
Okay, then.
As you read the scroll of magic mapping, it crumbles to dust.
You feel aware of your surroundings.
The sky beast hits you but does no damage.
Unknown command.
As you read the scroll of fear, it crumbles to dust.
You assume a fearsome visage.
The sky beast looks frightened!
Aiming: Dig A rock wall.
The rock shatters into small pieces.
d - an inky potion You see here a +0 ring mail.
e - a +0 ring mail
Okay, then.
A centaur comes into view.
The centaur shouts!
The centaur wields a +0 shortbow.
The centaur shoots an arrow.
The arrow barely misses you.
The centaur shoots an arrow.
The arrow hits you!
The centaur shoots an arrow.
The arrow hits you!
* * * LOW HITPOINT WARNING * * *
The centaur shoots an arrow.
The arrow hits you!
You die...

*,#.# #........>,**** *,
###.#.#####.....$..,,,,,*
*,
#......Y...........,,,,,*
*,
#######.......####**,,,,*
*, #.......# *,,,,* **
#.......# *,,,,*
#.......#### *,,,,*
#..........# ******
#####....@.# #......#
#......# #......#
****#......# *,,..c....^#
*,....(.#### ***
*,......* *,, *,,,,,,,*
*,,


You could see a centaur.

Vanquished Creatures
  A gnoll (D:7)
1 creature vanquished.

Notes
Turn   | Place    | Note
-------+----------+-------------------------------------------
     0 | D:5      | ragingrage the Demonspawn Delver began the quest for the
                  | Orb.
     0 | D:5      | Reached XP level 1. HP: 18/18 MP: 1/1
    23 | D:5      | Noticed a sleepcap
    28 | D:5      | Noticed a hound
    29 | D:5      | Noticed an iguana
    30 | D:6      | Noticed a hound
    30 | D:6      | Noticed an iguana
    32 | D:6      | Noticed a black bear
    38 | D:7      | Noticed a gnoll sergeant
    39 | D:7      | Noticed a sky beast
    62 | D:7      | Discovered your monstrous ancestry.
    62 | D:7      | Gained mutation: You have a pair of small horns on your
                  | head. [demonic ancestry]
    62 | D:7      | Reached XP level 2. HP: 13/24 MP: 2/2
    78 | D:7      | Noticed a centaur
    79 | D:7      | HP: 1/24 [centaur/arrow (8)]
    80 | D:7      | Shot with an arrow by a centaur

Illustrated notes

Levels and vault maps discovered:
D:5:      layout_basic, temple_doors_e, serial_shops, shop, uniq_eustachio
D:6:      layout_rooms, hangedman_decor_lopped, amethyst_killhole, st_stairs_9
D:7:      layout_basic, uniq_joseph, uniq_menkaure

Skill      XL: |  1 |
---------------+----+-----
Long Blades    | 2 |  2.5
Fighting       | |  3.0
Dodging        | |  1.7
Stealth        | |  4.5

Action                     || total
---------------------------++-------
  Melee: Falchion          ||     5
  Evoke: Wand              ||     1
    Use: Scroll            ||     3
 Armour: Leather armour    ||     1
  Dodge: Dodged            ||     6

Table legend: (Time is in decaauts)
 A = Elapsed time spent in this place.
 B = Non-inter-level travel time spent in this place.
 C = Inter-level travel time spent in this place.
 D = Time resting spent in this place.
 E = Time spent auto-exploring this place.
 F = Levels seen in this place.
 G = Mean time per level.
                   A        B        C        D        E       F      G
               +--------+--------+--------+--------+--------+-----+--------+
         Total |     80 |     72 |      8 |      4 |     10 |   3 |   26.7 |
       Dungeon |     80 |     72 |      8 |      4 |     10 |   3 |   26.7 |
               +--------+--------+--------+--------+--------+-----+--------+

Top non-repeatable levels by time:
     D:7: 42 daAuts
     D:5: 30 daAuts
     D:6: 7 daAuts
